 Dungeon Crawl Stone Soup version 0.31-a0-233-g139696dc86 (webtiles) character file.

Game seed: 16721432290108036860

103 qw the Shooter (level 4, -2/26 HPs)
             Began as a Gargoyle Hexslinger on July 7, 2023.
             Slain by a gnoll
             ... wielding a +0 club
              (4 damage)
             ... on level 3 of the Dungeon.
             The game lasted 00:00:50 (1953 turns).

qw the Shooter (Gargoyle Hexslinger)                Turns: 1953, Time: 00:00:50

Health: -2/26      AC: 10    Str: 12    XL:     4   Next: 79%
Magic:  5/5        EV: 10    Int: 13    God:
Gold:   119        SH:  0    Dex: 14    Spells: 4/5 levels left

rFire   . . .        Y - +1 sling
rCold   . . .        (no shield)
rNeg    + . .        b - +0 ring mail
rPois   inf          (no helmet)
rElec   +            i - +1 cloak
rCorr   +            (no gloves)
SInv    .            (no boots)
Will    .....        (no amulet)
Stlth   +            k - ring of resist corrosion
HPRegen 0.24/turn    (no ring)
MPRegen 0.09/turn

%: no passive effects
@: no status effects
A: sickness immunity, AC +3, negative energy resistance 1, electricity
resistance, torment resistance 1, petrification resistance
a: no special abilities


You were on level 3 of the Dungeon.
You visited 1 branch of the dungeon, and saw 3 of its levels.

You collected 119 gold pieces.


Innate Abilities, Weirdness & Mutations

You are immune to sickness and miasma.
Your stone body is resilient. (AC +3)
You are immune to poison.
You resist negative energy. (rN+)
You are resistant to electric shocks. (rElec)
You are resistant to unholy torment.
You are immune to petrification.


   Skills:
 - Level 2.0 Fighting
 + Level 4.3 Ranged Weapons
 - Level 1.1 Armour
 - Level 1.5 Dodging
 - Level 1.0 Spellcasting
 - Level 2.6 Hexes


You had 4 spell levels left.
You knew the following spells:

 Your Spells              Type           Power      Damage    Failure   Level
a - Slow                  Hex            28%        N/A       22%         1

Your spell library contained the following spells:

 Spells                   Type           Power      Damage    Failure   Level
 Inner Flame              Hex/Fire       4%         N/A       73%         3
 Portal Projectile        Hex/Tloc       8%         N/A       73%         3
 Cause Fear               Hex            3%         N/A       91%         4

Inventory:

Hand Weapons
 Y - a +1 sling (weapon)
Armour
 b - a +0 ring mail (worn)
 i - a +1 cloak (worn)
Jewellery
 k - a ring of resist corrosion (left hand)
Scrolls
 a - a scroll of amnesia {unknown}
 h - a scroll of brand weapon {unknown}
 j - a scroll of blinking {unknown}
Potions
 c - a potion of haste
 d - a potion of degeneration {unknown}
 e - a potion of heal wounds {unknown}
 f - a potion of might {unknown}
 g - a potion of curing {unknown}

Dungeon Overview and Level Annotations

Branches:
Dungeon (3/15)

Altars:


Message History

A gnoll comes into view. It is wielding a +0 club.
Enter note:
Enter note: You shoot a sling bullet.
The sling bullet closely misses the gnoll.
The gnoll misses you.
You shoot a sling bullet.
The sling bullet barely misses the gnoll.
The gnoll hits you with a +0 flail.
You shoot a sling bullet. The sling bullet hits the gnoll.
The gnoll is moderately wounded.
You shoot a sling bullet. The sling bullet hits the gnoll.
The gnoll is moderately wounded.
A gnoll comes into view. It is wielding a +0 club.
The gnoll hits you with a +0 flail! The gnoll hits you but does no damage.
You shoot a sling bullet. The sling bullet hits the gnoll.
The gnoll is severely wounded.
The gnoll hits you with a +0 flail! The gnoll barely misses you.
The gnoll hits you but does no damage. The gnoll hits you with a +0 club.
You shoot a sling bullet.
The sling bullet barely misses the gnoll.
The gnoll hits you with a +0 club. The gnoll misses you.
You shoot a sling bullet. The sling bullet hits the gnoll!
You kill the gnoll!
The gnoll hits you with a +0 flail.
You shoot a sling bullet.
The sling bullet barely misses the gnoll.
The gnoll barely misses you.
You shoot a sling bullet. The sling bullet hits the gnoll.
The gnoll is lightly wounded.
The gnoll hits you but does no damage. x2
You shoot a sling bullet.
The sling bullet hits the gnoll but does no damage.
The gnoll is lightly wounded.
The gnoll barely misses you. The gnoll closely misses you.
You shoot a sling bullet. The sling bullet hits the gnoll.
The gnoll is moderately wounded.
The gnoll hits you but does no damage. The gnoll hits you with a +0 flail.
The gnoll barely misses you. The gnoll hits you with a +0 club.
You die...

#....###....#
#..#.####.##.#
#.....###.##.#####
#........[...(....
#..^..##..........
##.#...[.########.
#.####### #.# #@#
#.gg# #.### #. .
##


You could see 2 gnolls.

Vanquished Creatures
  2 gnolls (D:3)
  2 adders (D:2)
  3 dart slugs (D:2)
  8 bats
  5 endoplasms
  2 giant cockroaches
  5 goblins (D:1)
  6 hobgoblins
  2 jackals (D:1)
  2 quokkas (D:1)
  7 ball pythons
  6 frilled lizards
  4 kobolds
  2 rats (D:1)
56 creatures vanquished.

Notes
Turn   | Place    | Note
-------+----------+-------------------------------------------
     0 | D:1      | qw the Gargoyle Hexslinger began the quest for the Orb.
     0 | D:1      | Reached XP level 1. HP: 12/12 MP: 2/2
     0 | D:1      | 0 ||| qw: Version: 0.3-a-46-gb1f654a
     0 | D:1      | 0 ||| qw: Game counter: 3306
     0 | D:1      | 0 ||| qw: Melee chars always use a shield: true
     0 | D:1      | 0 ||| qw: God list: Okawaru
     0 | D:1      | 0 ||| qw: Allow faded altars: false
     0 | D:1      | 0 ||| qw: Do Orc after clearing Dungeon:15 true
     0 | D:1      | 0 ||| qw: Do second Lair branch before Depths: true
     0 | D:1      | 0 ||| qw: Lair rune preference: random
     0 | D:1      | 0 ||| qw: Goals: Normal
     0 | D:1      | 0 ||| PLANNING D:1-11
   252 | D:1      | Reached XP level 2. HP: 16/16 MP: 3/3
   347 | D:1      | Reached skill level 3 in Ranged Weapons
   438 | D:1      | Reached XP level 3. HP: 19/21 MP: 4/4
   774 | D:1      | 774 ||| UPGRADING to +0 leather armour.
   784 | D:1      | 784 ||| DROPPING +0 robe.
   785 | D:1      | 785 ||| UPGRADING to +0 cloak.
   790 | D:1      | 790 ||| UPGRADING to ring of resist corrosion.
   791 | D:1      | 791 ||| READING scroll labelled JENUIK GYIKH.
   792 | D:1      | 792 ||| READING scroll labelled NEOL MIPLASORPH.
   793 | D:1      | 793 ||| READING scroll labelled MET WU PATO.
   794 | D:1      | 794 ||| READING scroll labelled GOXZIO PAROMAA.
   795 | D:1      | 795 ||| DROPPING scroll of poison.
   911 | D:2      | 911 ||| READING scroll of enchant armour.
   911 | D:2      | 911 ||| ENCHANTING +0 cloak.
  1162 | D:2      | Reached XP level 4. HP: 26/26 MP: 5/5
  1398 | D:2      | Reached skill level 4 in Ranged Weapons
  1733 | D:2      | 1733 ||| UPGRADING to +0 ring mail.
  1743 | D:2      | 1743 ||| DROPPING +0 leather armour.
  1744 | D:2      | 1744 ||| READING 3 scrolls labelled KIUBYE LINLE.
  1745 | D:2      | 1745 ||| DRINKING 2 sapphire potions.
  1746 | D:2      | 1746 ||| DROPPING 2 scrolls of vulnerability.
  1869 | D:3      | Reached skill level 1 in Armour
  1947 | D:3      | HP: 6/26 [gnoll/+0 club (1)]
  1949 | D:3      | HP: 2/26 [gnoll/+0 flail (4)]
  1953 | D:3      | Slain by a gnoll

Levels and vault maps discovered:
D:1:      eino_arrival_water_star, layout_basic, grunt_decor_arrowhead
D:2:      layout_basic
D:3:      layout_loops_ring, lemuel_doored_altar, shapermc_ecumenical_altar_venn

Skill      XL: |  1  2  3  4 |
---------------+-------------+-----
Ranged Weapons | 3 4 |  4.3
Fighting       | 2 |  2.0
Armour         | 1 |  1.1
Dodging        | |  1.5
Spellcasting   | |  1.0
Hexes          | |  2.6

Action                     |  1- 3 |  4- 6 || total
---------------------------+-------+-------++-------
   Fire: Sling             |   146 |    59 ||   205
    Use: Scroll            |     5 |     1 ||     6
         Potion            |       |     1 ||     1
 Armour: Robe              |    25 |       ||    25
         Leather armour    |     8 |     5 ||    13
         Ring mail         |       |     6 ||     6
  Dodge: Dodged            |    71 |    22 ||    93

Table legend:
 A = Non-vault XP
 B = Vault XP
 C = Vault XP percentage of total XP
 D = Non-vault monster count
 E = Vault monster count
 F = Vault count percentage of total count
                 A         B        C        D         E       F
            +---------+---------+-------+---------+---------+-------
      Total |     148 |       0 |   0.0 |      56 |       0 |   0.0
            +---------+---------+-------+---------+---------+-------
        D:1 |      55 |       0 |   0.0 |      33 |       0 |   0.0
        D:2 |      57 |       0 |   0.0 |      17 |       0 |   0.0
        D:3 |      36 |       0 |   0.0 |       6 |       0 |   0.0
            +---------+---------+-------+---------+---------+-------
